AoeStats
← DippityDang

Black Forest

509485814Analyzed
4v4 RM · 6d ago on Sep 26, 2026· 46m 13s· 8 players
Game mode
Random Map
Map size
Large (8 player)
Population
200
Speed
Normal
Resources
Standard
Victory
Conquest
Starting age
Dark Age
Ending age
Imperial Age
RankedLock teamsTeams togetherTeam positionsShared explorationLock speedFull tech treeHidden civsTurbo modeCheats
Victory
Defeat
🇹🇷 Varangians · Türkiye
1825
+7
🇩🇪 Danes · Germany
1759
+9
🇹🇷 Vietnamese · Türkiye
1740
+10
🇮🇳 Khmer · India
1433
+21
🇲🇽 Persians · Mexico
1640
-15
🇪🇸 Goths · Spain
1612
-12
🇺🇸 Khmer · United States
1607
-12
🇹🇷 Mongols · Türkiye
1491
-8
Glaki
11:38 Feudal Age
15:12 Castle Age
13:01 Double-Bit Axe
12:57 Horse Collar
16:26 Bow Saw
17:02 Heavy Plow
23:21 Wheelbarrow
22:32 Loom
22:54 Gold Mining
24:41 Sanctity
24:57 Hand Cart
25:26 Stone Mining
26:04 Fervor
30:03 Imperial Age
29:02 Treadmill Crane
29:32 Masonry
29:43 Ballistics
29:25 Padded Archer Armor
29:25 Scale Mail Armor
29:36 Forging
29:17 Fletching
30:13 Elite Skirmisher
31:55 Chemistry
31:17 Ballistics
31:28 Architecture
30:56 Fletching
31:21 Leather Archer Armor
31:47 Chain Mail Armor
31:01 Elite Huskarl
32:01 Conscription
31:50 Perfusion
32:27 Coinage
31:57 Caravan
32:12 Guilds
32:39 Iron Casting
31:54 Fletching
32:20 Leather Archer Armor
32:19 Anarchy
32:20 Perfusion
32:41 Conscription
32:37 Squires
36:08 Banking
37:45 Two-Man Saw
37:19 Crop Rotation
39:03 Blast Furnace
37:38 Man-at-Arms
43:49 Heavy Scorpion
45:10 Bodkin Arrow
DippityDang
10:44 Feudal Age
13:54 Castle Age
11:58 Double-Bit Axe
12:51 Horse Collar
15:26 Bow Saw
18:38 Loom
21:27 Gold Mining
22:02 Bloodlines
23:14 Scale Barding Armor
23:49 Husbandry
27:16 Wheelbarrow
27:53 Chain Barding Armor
32:00 Forging
33:07 Hand Cart
36:12 Imperial Age
33:49 Stone Mining
35:50 Iron Casting
35:52 Gold Shaft Mining
37:33 Plate Barding Armor
36:43 Elite Battle Elephant
38:40 Blast Furnace
39:17 Devotion
42:17 Conscription
42:21 Ballistics
42:14 Masonry
43:04 Light Cavalry
Bzm_JöNTüRK
2:25 Loom
11:07 Feudal Age
31:20 Castle Age
30:31 Fletching
32:17 Scale Barding Armor
32:08 Bodkin Arrow
SimmaHem7912
0:37 Loom
10:45 Feudal Age
14:47 Castle Age
13:29 Horse Collar
16:35 Double-Bit Axe
22:14 Wheelbarrow
22:18 Bow Saw
23:17 Heavy Plow
23:58 Gold Mining
25:43 Gold Shaft Mining
28:56 Imperial Age
26:29 Stone Mining
27:25 Scale Barding Armor
27:41 Hand Cart
27:38 Masonry
28:15 Stone Shaft Mining
28:53 Town Watch
30:16 Chemistry
32:32 Chain Barding Armor
32:33 Bloodlines
32:23 Husbandry
33:58 Forging
34:24 Plate Barding Armor
34:54 Forging
35:46 Elite War Elephant
36:48 Conscription
37:08 Iron Casting
37:35 Onager
42:01 Caravan
44:22 Blast Furnace
44:08 Light Cavalry
Kukuro
0:47 Loom
12:56 Feudal Age
13:22 Man-at-Arms
14:57 Arson
16:39 Double-Bit Axe
22:05 Castle Age
20:30 Horse Collar
23:12 Bow Saw
27:51 Heavy Plow
31:46 Wheelbarrow
34:28 Gold Mining
34:30 Stone Mining
35:15 Hand Cart
35:19 Caravan
35:51 Scale Barding Armor
36:57 Stone Shaft Mining
36:52 Chain Barding Armor
36:58 Bloodlines
40:02 Imperial Age
38:23 Forging
38:14 Husbandry
39:18 Scale Mail Armor
39:56 Iron Casting
40:27 Elite Jarl
42:29 Conscription
43:15 Plate Barding Armor
43:41 Blast Furnace
45:52 Coinage
47:19 Banking
46:59 Guilds
lalalalala
0:52 Loom
9:58 Feudal Age
13:57 Castle Age
12:11 Double-Bit Axe
13:28 Horse Collar
13:48 Stone Mining
18:05 Wheelbarrow
19:47 Hand Cart
21:11 Gold Mining
21:28 Heavy Plow
24:57 Stone Shaft Mining
27:30 Imperial Age
25:04 Fletching
25:52 Bow Saw
25:53 Bodkin Arrow
26:31 Ballistics
27:58 Padded Archer Armor
28:49 Paper Money
29:32 Chemistry
28:34 Bracer
29:51 Leather Archer Armor
30:38 Siege Engineers
31:36 Masonry
31:06 Treadmill Crane
32:14 Hoardings
32:30 Ring Archer Armor
33:55 Thumb Ring
34:21 Elite Rattan Archer
34:32 Sappers
35:53 Scale Mail Armor
36:50 Chain Mail Armor
38:18 Caravan
38:40 Elite Fire Lancer
39:21 Squires
39:55 Forging
40:54 Plate Mail Armor
44:43 Plate Mail Armor
44:49 Iron Casting
Cheetah
8:39 Loom
10:57 Feudal Age
15:56 Castle Age
15:51 Bloodlines
15:38 Double-Bit Axe
15:48 Horse Collar
20:33 Scale Barding Armor
21:43 Forging
24:57 Gold Mining
26:54 Bow Saw
26:47 Heavy Plow
27:57 Wheelbarrow
27:38 Stone Mining
32:23 Wheelbarrow
34:33 Imperial Age
33:30 Gold Shaft Mining
33:32 Stone Shaft Mining
34:01 Husbandry
34:23 Chain Barding Armor
34:39 Iron Casting
36:20 Elite Battle Elephant
38:35 Blast Furnace
37:47 Tusk Swords
39:05 Plate Barding Armor
39:02 Conscription
40:43 Fletching
44:25 Siege Engineers
45:29 Chemistry
46:26 Crop Rotation
Jan Itor
11:19 Feudal Age
12:22 Double-Bit Axe
14:50 Castle Age
12:35 Horse Collar
15:50 Bow Saw
15:53 Heavy Plow
19:52 Wheelbarrow
23:56 Hand Cart
27:23 Imperial Age
24:58 Scale Mail Armor
25:37 Forging
25:16 Loom
25:26 Gold Mining
25:33 Stone Mining
25:31 Town Watch
26:33 Chain Mail Armor
27:06 Iron Casting
26:55 Squires
27:24 Elite Varangian Guard
28:35 Plate Mail Armor
27:32 Capped Ram
30:10 Hamask
31:11 Conscription
32:46 Blast Furnace
32:18 Caravan
31:55 Man-at-Arms
32:20 Gambesons
33:55 Coinage
34:23 Hoardings
34:40 Stone Shaft Mining
33:51 Elite Jomsviking
37:06 Scale Barding Armor
37:35 Banking
42:06 Masonry
Connection lost

Rejoining the realm…

Still unreachable

The connection could not be restored.

Session expired

The server has moved on; the page needs a fresh start.